Map: Old Sun Temple LE

Players

Geralt (Gerald) - Winner!

  • Race: Protoss Protoss
  • League: Grandmaster
  • Spawn Location: 7:00

Vaeda (HiGhDrA)

  • Race: Protoss Protoss
  • League: Master
  • Spawn Location: 1:00

Event: HomeStory Cup XXIX

VOD

Have the link to the VOD?

Description

Time

  • Played on: July 4, 2026, 9:52 a.m.
  • Length: 5:15

All games in this series

Show
View Real Time Build Order
Export as new Build Order

Geralt Protoss - Winner!

Build Orders:  

Get SALT Encoding   

  8  0:00  Probe  
  9  0:12  Probe (Chrono Boost)  
  10  0:24  Probe (Chrono Boost)  
  10  0:27  Pylon  
  11  0:32  Probe (Chrono Boost)  
  12  0:41  Probe  
  13  0:53  Probe (Chrono Boost)  
  13  0:56  Gateway  
  14  1:05  Probe (Chrono Boost)  
  14  1:06  Assimilator  
  15  1:14  Probe (Chrono Boost)  
  16  1:20  Probe  
  17  1:25  Gateway  
  17  1:32  Probe  
  18  1:36  Assimilator  
  18  1:44  Probe  
  19  1:48  Cybernetics Core  
  19  1:56  Probe  
  19  2:00  Pylon  
  20  2:08  Probe  
  21  2:20  Probe  
  22  2:25  Stalker  
  22  2:28  Stalker  
  26  2:32  Probe  
  26  2:36  Warp Gate (Chrono Boost)  
  27  2:41  Pylon  
  27  2:44  Probe  
  28  2:56  Probe  
  29  2:59  Stalker  
  29  3:03  Stalker  
  33  3:13  Gateway  
  33  3:21  Pylon  
  33  3:26  Stalker  
  35  3:49  Nexus  
  35  3:57  Pylon  
  35  4:05  Probe  
  36  4:17  Probe  
  36  4:23  Stalker x2  
  41  4:29  Stalker  
  43  4:32  Probe  
  44  4:48  Sentry  
  44  4:49  Stalker  
  46  4:54  Probe  
  46  4:55  Stalker  
Show
View Real Time Build Order
Export as new Build Order

Vaeda Protoss 

Build Orders: Phoenix Opening 

Get SALT Encoding   

  8  0:00  Probe  
  9  0:12  Probe  
  10  0:24  Probe  
  11  0:28  Pylon  
  11  0:37  Probe  
  12  0:49  Probe (Chrono Boost)  
  13  0:53  Gateway  
  13  1:01  Probe (Chrono Boost)  
  14  1:09  Probe (Chrono Boost), Assimilator  
  15  1:15  Probe  
  16  1:19  Assimilator  
  16  1:27  Probe  
  17  1:39  Probe (Chrono Boost)  
  18  1:43  Cybernetics Core  
  18  1:48  Gateway  
  18  1:51  Probe (Chrono Boost)  
  19  2:00  Probe (Chrono Boost)  
  20  2:03  Pylon  
  20  2:06  Probe  
  21  2:21  Probe  
  21  2:37  Nexus  
  21  2:40  Phoenix, Sentry  
  23  2:50  Sentry  
  25  2:53  Shield Battery  
  25  2:54  Probe  
  26  3:02  Shield Battery  
  26  3:08  Pylon  
  26  3:12  Sentry  
  28  3:23  Probe  
  28  3:26  Stalker  
  31  3:41  Stalker  
  33  3:44  Probe  
  34  3:50  Probe  
  34  3:55  Pylon  
  35  3:56  Probe  
  35  4:02  Probe  
  37  4:09  Probe  
  37  4:15  Stalker x2  
  37  4:16  Probe  
  40  4:21  Probe  
  39  4:32  Gateway  
  39  4:34  Shield Battery  
  36  4:43  Sentry  
  36  4:46  Probe x2  
  40  4:58  Gateway  
Tags
 
Add a new tag
Caveats
  • Supply blocks, unpowered buildings, or Contaminate may cause inaccurate times.
  • Supply counts are checked every 10 seconds.